 Dungeon Crawl Stone Soup version 0.18-a0-1267-gff090c1 (webtiles) character file.

39 Lathuz the Sneak (level 3, -12/16 HPs)
             Began as a Spriggan Enchanter on Feb 6, 2016.
             Killed from afar by Ijyb (17 damage)
             ... with a wand of lightning
             ... on level 2 of the Dungeon.
             The game lasted 00:03:20 (1634 turns).

Lathuz the Sneak (Spriggan Enchanter)               Turns: 1634, Time: 00:03:20

Health: -12/16     AC:  3    Str:  4    XL:     3   Next: 28%
Magic:  0/8        EV: 18    Int: 16    God:
Gold:   26         SH:  0    Dex: 17    Spells: 2 memorised, 4 levels left

rFire  . . .     SeeInvis +     a - +1 dagger
rCold  . . .     Gourm    .     b - +1 robe
rNeg   . . .     Faith    .     (shield restricted)
rPois  .         Spirit   .     (helmet restricted)
rElec  .         Dismiss  .     (no cloak)
rCorr  .         Reflect  .     (gloves unavailable)
SustAt .         Harm     .     (boots unavailable)
MR     .....                    (no amulet)
Stlth  ++++......               (no ring)
                                (no ring)

@: very slightly contaminated, very quick, not resistant to hostile
enchantments, stealthy
A: unfitting armour, see invisible, herbivore 3, speed 3, slow metabolism 2
a: no special abilities


You were on level 2 of the Dungeon.
You were not hungry.

You visited 1 branch of the dungeon, and saw 2 of its levels.

You collected 26 gold pieces.

Inventory:

Hand Weapons
 a - a +1 dagger (weapon)
Armour
 b - a +1 robe (worn)
Scrolls
 e - a scroll of immolation {unknown}
 f - a scroll of blinking {unknown}
 g - a scroll of teleportation {unknown}
Books
 c - a book of Maledictions

   Spells                             Type                      Level
   a - Corona                         Hexes                        1
   b - Ensorcelled Hibernation        Hexes/Ice                    2
   c - Confuse                        Hexes                        3
   d - Tukima's Dance                 Hexes                        3
   e - Dazzling Spray                 Conjuration/Hexes            3
Comestibles
 d - 2 bread rations


   Skills:
 + Level 2.7 Short Blades
 - Level 3.0 Dodging
 + Level 5.5 Stealth
 - Level 2.6 Spellcasting
 - Level 3.6 Hexes


You had 4 spell levels left.
You knew the following spells:

 Your Spells              Type           Power        Failure   Level  Hunger
a - Corona                Hex            ##.....      6%          1    #......
b - Ensorcelled Hibernat  Hex/Ice        #.....       17%         2    ##.....


Dungeon Overview and Level Annotations

Branches:
Dungeon (2/15)

Altars:

Annotations:
D:2 Ijyb


Innate Abilities, Weirdness & Mutations

You are tiny and cannot use many weapons and most armour.
You have supernaturally acute eyesight.
You are a herbivore.
You cover ground extremely quickly.
You need consume almost no food.


Message History

Aim: Ijyb, wearing a ring mail (chance to defeat MR: 48%) Ijyb resists with some effort.
Ijyb zaps a wand.
The bolt of lightning hits you!
Ouch! That really hurt!
It is a wand of lightning.
Casting: Ensorcelled Hibernation
Confirm with . or Enter, or press ? or * to list all spells.
Aiming: Ensorcelled Hibernation
Press: ? - help, Shift-Dir - straight line, f/p - Ijyb
Aim: Ijyb, wearing a ring mail and carrying a wand of lightning {zapped: 1} (chance to defeat MR: 48%) Ijyb resists with some effort.
Ijyb barely misses you.
Casting: Ensorcelled Hibernation
Confirm with . or Enter, or press ? or * to list all spells.
Aiming: Ensorcelled Hibernation
Press: ? - help, Shift-Dir - straight line, f/p - Ijyb
Aim: Ijyb, wearing a ring mail and carrying a wand of lightning {zapped: 1} (chance to defeat MR: 48%) Ijyb resists with some effort.
Ijyb zaps a wand.
The bolt of lightning hits you!
Ouch! That really hurt!
You die...

#.# #....# #
#.######....#.#
##.##.....(....#
#..............#
#...#...).....##
#...#.........#
#...#?........#
#####......%..#
#...@.....#
#...g.....#
#.........#
#.........#
#.........#
###########


You could see Ijyb.

Vanquished Creatures
  2 adders (D:2)
  A worm (D:2)
  A giant gecko (D:1)
  A giant cockroach (D:1)
  4 goblins (D:1)
  A hobgoblin (D:1)
  A jackal (D:2)
  A bat (D:1)
  A giant newt (D:1)
  4 kobolds (D:1)
  A rat (D:1)
18 creatures vanquished.

Notes
Turn   | Place    | Note
--------------------------------------------------------------
     0 | D:1      | Lathuz the Spriggan Enchanter began the quest for the Orb.
     0 | D:1      | Reached XP level 1. HP: 9/9 MP: 5/5
   663 | D:1      | Reached XP level 2. HP: 13/13 MP: 6/6
   825 | D:1      | Learned a level 2 spell: Ensorcelled Hibernation
   930 | D:1      | Reached skill level 5 in Stealth
  1051 | D:2      | Reached XP level 3. HP: 16/16 MP: 5/8
  1627 | D:2      | Noticed Ijyb
  1634 | D:2      | Killed from afar by Ijyb

Vault maps used:
D:1:      saegor_arrival_simple_d
D:2:      grunt_temple_overflow_open, uniq_iyjb

Action                   || total
-------------------------++-------
Melee: Dagger            ||    84
 Cast: Corona            ||     1
       Ensorcelled Hiber ||    12
 Stab: Sleeping          ||     7
       Distracted        ||     1
